 Dungeon Crawl Stone Soup version 0.30.1-6-gbe392663c4 (webtiles) character file.

Game seed: 8594156019019529221

99 Kurtz the Chopper (level 4, -2/28 HPs)
             Began as a Tengu Fighter on Sept 21, 2023.
             Slain by a kobold brigand
             ... wielding a +0 dagger
              (6 damage)
             ... in a sewer.
             The game lasted 00:01:20 (2168 turns).

Kurtz the Chopper (Tengu Fighter)                   Turns: 2168, Time: 00:01:21

Health: -2/28      AC:  8    Str: 18    XL:     4   Next: 72%
Magic:  5/5        EV:  9    Int:  8    God:
Gold:   162        SH:  5    Dex: 14    Spells: 3/3 levels left

rFire   . . .        a - +1 war axe
rCold   . . .        c - +0 buckler
rNeg    . . .        b - +0 scale mail
rPois   .            (helmet restricted)
rElec   .            (no cloak)
rCorr   .            n - +0 pair of gloves
SInv    .            (boots unavailable)
Will    .....        f - amulet of faith Stlth
                     (no ring)
HPRegen 0.24/turn    (no ring)
MPRegen 0.09/turn

%: faith
@: mighty
A: beak, talons 3
a: no special abilities


You were in a sewer.
You visited 1 branch of the dungeon, and saw 3 of its levels.
You also visited: Sewer.

You collected 162 gold pieces.

Inventory:

Hand Weapons
 a - a +1 war axe (weapon)
Missiles
 m - 12 poisoned darts (quivered)
 s - a throwing net
Armour
 b - a +0 scale mail (worn)
 c - a +0 buckler (worn)
 n - a +0 pair of gloves (worn)
Jewellery
 f - an amulet of faith (around neck)
Scrolls
 e - 2 scrolls of enchant armour {unknown}
 g - a scroll of noise {unknown}
 i - 2 scrolls of enchant weapon
 j - a scroll of teleportation {unknown}
 o - a scroll of poison {unknown}
 p - a scroll of immolation {unknown}
 r - a scroll of summoning {unknown}
 t - a scroll of identify {unknown}
 v - a scroll of amnesia {unknown}
 w - a scroll of vulnerability {unknown}
Potions
 h - a potion of magic {unknown}
 k - a potion of resistance {unknown}
 l - a potion of degeneration {unknown}
 q - 2 potions of curing {unknown}
 u - 2 potions of haste {unknown}


   Skills:
 - Level 3.0 Fighting
 * Level 5.2 Axes
 - Level 3.2 Armour
 - Level 3.0 Shields


You had 3 spell levels left.
You didn't know any spells.
Your spell library contained the following spells:

 Spells                   Type           Power      Damage    Failure   Level
 Apportation              Tloc           0%         N/A       86%         1
 Necrotise                Necr           0%         1d4       86%         1
 Summon Small Mammal      Summ           0%         N/A       86%         1


Dungeon Overview and Level Annotations

Branches:
Dungeon (3/15)              Sewer (1/1)

Altars:


Innate Abilities, Weirdness & Mutations

You have a beak for a mouth.
You have claws for feet.


Message History

There are monsters nearby!
You barely miss the kobold brigand.
You claw the kobold brigand, but do no damage.
You peck the kobold brigand, but do no damage.
The kobold brigand is moderately wounded.
You hit the plant. You slash the kobold brigand!
You completely miss the kobold. You block the kobold brigand's attack.
The kobold brigand closely misses you.
You barely miss the kobold brigand. You claw the kobold brigand!
You peck the kobold brigand.
The kobold brigand is almost dead.
You hit the kobold.
You kill the kobold!
You miss the kobold brigand. You hit the plant. You closely miss the kobold.
A nearby plant withers and dies.
The kobold barely misses you.
The kobold brigand hits you but does no damage. x2
You closely miss the kobold brigand. Your kick misses the kobold brigand.
The kobold brigand is almost dead.
You slash the kobold brigand! You barely miss the kobold.
The kobold hits you but does no damage.
The kobold brigand hits you with a +0 dagger.
The kobold brigand hits you with a +0 dagger!
* * * LOW HITPOINT WARNING * * *
The kobold hits you with a +0 short sword.
* * * LOW HITPOINT WARNING * * *
The kobold brigand hits you but does no damage.
The kobold brigand completely misses you.
You are too injured to fight recklessly!
Unknown command.
You are too injured to fight recklessly!
You feel very mighty all of a sudden. The kobold brigand closely misses you.
The kobold brigand barely misses you. You block the kobold's attack.
Unknown command.
You hit the kobold brigand. You peck the kobold brigand.
The kobold brigand is almost dead.
You closely miss the kobold. You slash the kobold brigand!
You kill the kobold brigand!
The kobold brigand hits you with a +0 dagger.
You die...

#∩∩.#~≈~#
#...'~~~#
######~≈~#
#....#~≈~#
#!.∩.#~≈~#
#.!.!#~≈~#
#....#~≈~#
##))##~~~#
#.K@K#~≈~#
###...~#~≈~#
#....~~~~≈~#
##...†~~~≈~#
#...~†#~≈~#
#....~~#~~~#
#......#~≈~#
#......#~≈~~~
#......#~≈~~~~


You could see a kobold brigand and a kobold.

Vanquished Creatures
  A kobold brigand (Sewer)
  4 adders
  A worm (D:2)
  A dart slug (D:2)
  4 orcs (D:3)
  6 ball pythons
  3 endoplasms
  2 giant cockroaches
  2 goblins (D:2)
  5 hobgoblins
  4 jackals (D:1)
  4 quokkas
  4 bats
  2 frilled lizards
  7 kobolds
  3 rats
53 creatures vanquished.

Notes
Turn   | Place    | Note
-------+----------+-------------------------------------------
     0 | D:1      | Kurtz the Tengu Fighter began the quest for the Orb.
     0 | D:1      | Reached XP level 1. HP: 14/14 MP: 2/2
   178 | D:1      | Reached skill level 3 in Axes
   178 | D:1      | Reached XP level 2. HP: 18/19 MP: 3/3
   918 | D:2      | Reached skill level 4 in Axes
   918 | D:2      | Reached XP level 3. HP: 21/23 MP: 4/4
  1995 | D:3      | Reached XP level 4. HP: 17/28 MP: 5/5
  2106 | D:3      | Reached skill level 5 in Axes
  2122 | D:3      | Found a glowing drain.
  2138 | Sewer    | Entered a sewer
  2161 | Sewer    | Noticed a kobold brigand
  2161 | Sewer    | Noticed a kobold brigand
  2168 | Sewer    | Killed a kobold brigand
  2168 | Sewer    | Slain by a kobold brigand

Illustrated notes

Levels and vault maps discovered:
D:1:      evilmike_arrival_fibonacci_small, layout_loops_ring, st_stairs_6
D:2:      layout_basic, minmay_misc_feat_columns
D:3:      layout_loops_ring, portal_sewer_entry_d, gammafunk_ghost_smash,
          grunt_decor_arrowhead, serial_park_tiny_1, minmay_starry_boxes
Sewer:    kennysheep_pipe_town

Skill      XL: |  1  2  3  4 |
---------------+-------------+-----
Axes           | 3 4 5 |  5.2
Fighting       | |  3.0
Armour         | |  3.2
Shields        | |  3.0

Action                     |  1- 3 |  4- 6 || total
---------------------------+-------+-------++-------
  Melee: War axe           |    65 |    41 ||   106
         Kick              |     9 |     8 ||    17
         Peck              |     5 |     5 ||    10
    Use: Scroll            |     1 |       ||     1
         Potion            |       |     1 ||     1
 Armour: Scale mail        |    16 |    20 ||    36
  Dodge: Dodged            |    26 |    21 ||    47
  Block: Buckler           |    11 |    11 ||    22
